AoeStats
← NPG | FishCL

Pilgrims

508010342Analyzed
3v3 RM · 12d ago on Sep 20, 2026· 57m 14s· 6 players
Game mode
Random Map
Map size
Normal (6 player)
Population
200
Speed
Normal
Resources
Standard
Victory
Conquest
Starting age
Dark Age
Ending age
Imperial Age
RankedLock teamsTeams togetherTeam positionsShared explorationLock speedFull tech treeHidden civsTurbo modeCheats
Victory
Defeat
🇪🇸 Armenians · Spain
1460
+22
🇪🇸 Maya · Spain
1426
+23
🇫🇷 Wei · France
1407
+24
🇨🇱 Vietnamese · Chile
1674
-26
🇨🇱 Vikings · Chile
1558
-22
🇨🇱 Japanese · Chile
1531
-21
winstonx9
7:31 Loom
10:28 Feudal Age
11:09 Double-Bit Axe
11:56 Fletching
22:54 Castle Age
22:10 Gold Mining
22:49 Stone Mining
23:51 Bow Saw
23:55 Medium Warships
23:43 Bodkin Arrow
26:39 Ballistics
26:31 Town Watch
26:55 Horse Collar
28:54 Heavy Plow
33:37 Wheelbarrow
35:20 Padded Archer Armor
39:28 Imperial Age
37:31 Hand Cart
38:33 Leather Archer Armor
38:48 Masonry
39:27 Gold Shaft Mining
39:23 Elite Skirmisher
40:12 Caravan
41:27 Chemistry
40:30 Bracer
41:29 Ring Archer Armor
41:31 Elite Composite Bowman
43:45 Conscription
44:01 Hoardings
45:35 Guard Tower
47:12 Hand Cart
47:44 Crossbowman
52:57 Scale Barding Armor
53:01 Capped Ram
54:36 Siege Ram
57:21 Town Patrol
Sauron_ator
6:03 Loom
12:33 Feudal Age
13:15 Double-Bit Axe
16:58 Castle Age
14:50 Fletching
15:02 Gold Mining
17:55 Medium Warships
17:41 Bodkin Arrow
19:08 Demolition Ship
23:09 Horse Collar
24:00 Heavy Plow
26:58 Bow Saw
27:08 Stone Mining
28:12 Wheelbarrow
35:58 Imperial Age
33:38 Padded Archer Armor
36:06 Ballistics
36:45 Leather Archer Armor
37:03 Conscription
37:19 Bracer
38:48 Elite Plumed Archer
40:30 Hand Cart
40:01 Town Watch
42:46 Elite Skirmisher
44:14 Thumb Ring
44:16 Eagle Warrior
44:57 Scale Mail Armor
45:07 Forging
46:02 Ring Archer Armor
45:52 Squires
46:08 Chain Mail Armor
46:59 Masonry
47:38 Elite Eagle Warrior
48:53 Arson
49:40 Plate Mail Armor
49:56 Hul'che Javelineers
51:38 Iron Casting
53:10 Holcans
55:36 Blast Furnace
57:42 Hoardings
ZanouX
8:53 Loom
12:34 Feudal Age
17:15 Castle Age
16:18 Fletching
18:55 Wheelbarrow
18:41 Bodkin Arrow
28:10 Medium Warships
29:36 Horse Collar
30:20 Double-Bit Axe
33:31 Scale Barding Armor
33:36 Forging
37:24 Wheelbarrow
38:47 Heavy Plow
39:03 Bow Saw
41:06 Chain Barding Armor
41:21 Iron Casting
44:56 Imperial Age
42:44 Hand Cart
42:50 Tuntian
43:22 Husbandry
43:33 Bloodlines
43:25 Scale Mail Armor
43:33 Padded Archer Armor
43:30 Town Watch
43:56 Light Cavalry
46:39 Blast Furnace
46:07 Conscription
46:33 Elite Tiger Cavalry
52:29 Heavy Hei Guang Cavalry
53:24 Squires
54:19 Bracer
54:35 Leather Archer Armor
55:36 Parthian Tactics
55:16 Thumb Ring
55:53 Ring Archer Armor
55:56 Ballistics
57:48 Chemistry
NPG | El Compadre
4:54 Loom
11:20 Feudal Age
11:59 Town Watch
12:16 Double-Bit Axe
14:33 Fletching
15:44 Fishing Lines
19:09 Castle Age
19:41 Stone Mining
19:42 Gold Mining
20:48 Bow Saw
21:24 Fervor
21:23 Gillnets
27:37 Imperial Age
28:06 Bodkin Arrow
29:15 Block Printing
29:51 Conscription
29:41 Padded Archer Armor
29:54 Bracer
29:32 Crossbowman
31:24 Leather Archer Armor
33:01 Ring Archer Armor
33:40 Chemistry
33:01 Ballistics
33:55 Arbalester
44:05 Bogsveigar
44:17 Elite Skirmisher
48:56 Chieftains
50:07 Squires
49:27 Pikeman
49:53 Arson
51:52 Scale Mail Armor
52:02 Forging
51:55 Caravan
52:28 Coinage
51:32 Capped Ram
53:39 Two-Man Saw
53:36 Chain Mail Armor
53:57 Iron Casting
53:57 Imperial Skirmisher
55:58 Plate Mail Armor
56:32 Blast Furnace
NPG | FishCL
9:50 Loom
12:05 Feudal Age
13:36 Fishing Lines
14:31 Double-Bit Axe
16:52 Castle Age
15:30 Gold Mining
17:56 Medium Warships
18:28 Bow Saw
20:42 Careening
20:48 Gillnets
21:18 Clinker Construction
26:54 Imperial Age
28:04 Heavy Warships
28:12 Dry Dock
28:51 Town Watch
30:23 Stone Mining
31:09 Fletching
31:41 Ballistics
31:10 Horse Collar
32:25 Bodkin Arrow
33:35 Chemistry
33:39 Bracer
33:40 Padded Archer Armor
34:53 Heavy Cavalry Archer
36:53 Wheelbarrow
36:45 Leather Archer Armor
37:10 Masonry
37:08 Elite Skirmisher
37:55 Thumb Ring
38:33 Ring Archer Armor
38:52 Conscription
40:03 Siege Engineers
43:16 Imperial Skirmisher
45:07 Kataparuto
45:03 Man-at-Arms
45:44 Squires
45:45 Scale Mail Armor
45:56 Forging
45:58 Murder Holes
45:38 Long Swordsman
46:04 Gambesons
46:41 Pikeman
48:00 Chain Mail Armor
48:21 Iron Casting
47:47 Halberdier
49:31 Plate Mail Armor
53:00 Two-Handed Swordsman
53:44 Champion
57:44 Blast Furnace
Dkastro
4:06 Loom
10:40 Feudal Age
11:37 Town Watch
11:54 Double-Bit Axe
13:34 Fletching
17:43 Town Watch
20:18 Castle Age
19:04 Gold Mining
21:07 Wheelbarrow
20:32 Fishing Lines
21:19 Medium Warships
21:06 Bodkin Arrow
23:09 Gillnets
24:08 Horse Collar
26:52 Sanctity
28:53 Hand Cart
33:54 Imperial Age
32:05 Elite Skirmisher
32:48 Padded Archer Armor
33:46 Leather Archer Armor
33:09 Pikeman
33:49 Squires
34:53 Demolition Ship
35:50 Bow Saw
35:53 Scale Mail Armor
36:04 Forging
37:10 Chain Mail Armor
40:16 Heavy Warships
40:36 Ballistics
43:06 Bracer
43:52 Thumb Ring
43:37 Imperial Skirmisher
47:16 Murder Holes
48:43 Scale Barding Armor
54:44 Plate Mail Armor
56:14 Elite Fire Lancer
Connection lost

Rejoining the realm…

Still unreachable

The connection could not be restored.

Session expired

The server has moved on; the page needs a fresh start.